 Dungeon Crawl Stone Soup version 0.22-a0-609-gfedc9ff (webtiles) character file.

45 sking99 the Insei (level 3, -1/29 HPs)
             Began as a Draconian Transmuter on July 10, 2018.
             Slain by a gnoll (8 damage)
             ... on level 1 of the Dungeon.
             The game lasted 00:02:42 (1501 turns).

sking99 the Insei (Draconian Transmuter)            Turns: 1501, Time: 00:02:42

Health: -1/29      AC:  5    Str: 12    XL:     3   Next: 42%
Magic:  5/6        EV: 12    Int: 13    God:
Gold:   54         SH:  0    Dex: 12    Spells: 5/6 levels left

rFire    . . .     SeeInvis .     - Unarmed
rCold    . . .     Gourm    .   (no shield)
rNeg     . . .     Faith    .   (armour unavailable)
rPois    .         Spirit   .   (helmet restricted)
rElec    .         Reflect  .   (no cloak)
rCorr    .         Harm     .   (no gloves)
MR       .....                  (boots currently unavailable)
Stlth    +.........             (no amulet)
HPRegen  0.09/turn              (no ring)
MPRegen  0.10/turn              (no ring)

@: appendage
A: unfitting armour, talons 3, cold-blooded, AC +5
a: End Transformation


You were on level 1 of the Dungeon.
You were not hungry.
You had grown temporary talons.
You visited 1 branch of the dungeon, and saw 2 of its levels.

You collected 54 gold pieces.

Inventory:

Missiles
 a - 26 arrows
Scrolls
 f - a scroll of amnesia
Comestibles
 c - 4 rations


   Skills:
 + Level 2.0 Fighting
 - Level 1.7 Dodging
 * Level 3.8 Unarmed Combat
 - Level 2.0 Spellcasting
 + Level 2.5 Transmutations


You had 5 spell levels left.
You knew the following spells:

 Your Spells              Type           Power        Failure   Level  Hunger
a - Beastly Appendage     Tmut           #.....       9%          1    ##.....

Your spell library contained the following spells:

 Spells                   Type           Power        Failure   Level  Hunger
 Spider Form              Tmut/Pois      #.........   41%         3    ####...
 Blade Hands              Tmut           #.........   94%         5    ######.
 Ice Form                 Ice/Tmut       #.......     83%         4    #####..
 Sticks to Snakes         Tmut           #.......     14%         2    ###....


Dungeon Overview and Level Annotations

Branches:
Dungeon (2/15)

Altars:


Innate Abilities, Weirdness & Mutations

Your plain brown scales are hard. (AC +5)
You cannot fit into any form of body armour.
You are cold-blooded and may be slowed by cold attacks.
You have claws for feet.


Message History

The howler monkey hits you but does no damage.
The gnoll hits you but does no damage.
Okay, then.
Casting: Beastly Appendage (safe; 9% risk of failure)
Confirm with . or Enter, or press ? or * to list all spells.
You don't know that spell.
Casting: Beastly Appendage (safe; 9% risk of failure)
Confirm with . or Enter, or press ? or * to list all spells.
Your feet morph into talons.
The howler monkey hoots and howls with incredible vigour!
The howler monkey hits you but does no damage.
The gnoll barely misses you. The gnoll completely misses you.
You barely miss the gnoll. You claw the gnoll.
The gnoll is moderately wounded.
The howler monkey hits you.
* * * LOW HITPOINT WARNING * * *
The gnoll misses you. x2
The howler monkey completely misses you.
The bat barely misses you. The gnoll hits you!
You die...

###########.........>...........#
#...........#########.#
#...........# #.# #...........#
#.# #...........# #.#
#...........# #.# ###
#.....(.....# #.# ..#
#....bgh....# #.# ..#
#.....@g....# #.# ..#
#...........# #.# ..#
#...........# #.# ..#
############# #.# (.# #.# ### #..
###


You could see a howler monkey (inner flame), 2 gnolls and a bat (inner flame).

Vanquished Creatures
  A gnoll (D:1)
  4 leopard geckos (D:1)
  A giant cockroach (D:1)
  2 goblins (D:1)
  3 hobgoblins (D:1)
  3 jackals (D:1)
  A ball python (D:1)
  6 bats (D:1)
  2 frilled lizards (D:1)
  5 kobolds (D:1)
  4 rats
32 creatures vanquished.

Notes
Turn   | Place    | Note
-------+----------+-------------------------------------------
     0 | D:1      | sking99 the Draconian Transmuter began the quest for the Orb.
     0 | D:1      | Reached XP level 1. HP: 16/16 MP: 3/3
   340 | D:1      | Reached XP level 2. HP: 17/23 MP: 5/5
   940 | D:1      | Reached XP level 3. HP: 25/29 MP: 6/6
  1501 | D:1      | Slain by a gnoll

Vault maps used:
D:1:      dpeg_arrival_snail
D:2:      st_stairs_11

Skill      XL: |  1  2  3 |
---------------+----------+-----
Fighting       | 2 |  2.0
Dodging        | |  1.7
Unarmed Combat | |  3.8
Spellcasting   | |  2.0
Transmutations | |  2.5

Action                   || total
-------------------------++-------
Melee: Unarmed           ||   123
       Tailslap          ||     8
       Punch             ||     1
       Kick              ||     1
 Cast: Beastly Appendage ||     1
  Use: Scroll            ||     2
 Stab: Sleeping          ||     2
  Eat: Chunk             ||     2
Armor: Skin              ||    46
Dodge: Dodged            ||   102

Table legend:
 A = Spawn XP
 B = Non-spawn XP
 C = Spawn XP percentage of total XP
 D = Spawn monster count
 E = Non-spawn monster count
 F = Spawn count percentage of total count
 G = Total turns spent on level
                    A         B        C        D         E        F      G
               +---------+---------+-------+---------+---------+-------+---------
         Total |       0 |      65 |   0.0 |       0 |      32 |   0.0 |  1501
               +---------+---------+-------+---------+---------+-------+---------
           D:1 |       0 |      64 |   0.0 |       0 |      31 |   0.0 |  1473
           D:2 |       0 |       1 |   0.0 |       0 |       1 |   0.0 |    28
               +---------+---------+-------+---------+---------+-------+---------
